 Dungeon Crawl Stone Soup version 0.27-a0-1006-g1fd4cec11e (webtiles) character file.

Game seed: 3889865230153858814

3014 siradein the Basher (level 9, -3/80 HPs)
             Began as a Troll Fighter on Apr 17, 2021.
             Slain by a hornet (6 damage)
             ... while paralysed by a hornet
             ... on level 7 of the Dungeon.
             The game lasted 00:16:18 (4698 turns).

siradein the Basher (Troll Fighter)                 Turns: 4698, Time: 00:16:18

Health: -3/80      AC: 12    Str: 27    XL:     9   Next: 55%
Magic:  8/8        EV:  1    Int:  4    God:
Gold:   471        SH:  0    Dex: 11    Spells: 8/8 levels left

rFire    . . .     SeeInvis .   s - +0 giant club
rCold    . . .     Faith    .   (shield currently unavailable)
rNeg     + . .     Spirit   .   F - +0 swamp dragon scales
rPois    +         Reflect  .   (helmet restricted)
rElec    .         Harm     .   g - +2 cloak
rCorr    .         Rampage  .   (gloves unavailable)
Will     .....                  (boots unavailable)
Stlth    +.........             y - amulet of the acrobat
HPRegen  1.23/turn              j - ring of positive energy
MPRegen  0.11/turn              (no ring)

@: paralysed, lethally poisoned (-3 -> -4), acrobatic, slowed
A: large, unfitting armour, claws 3, regeneration 1, shaggy fur 1, tough skin 1
a: no special abilities


You were on level 7 of the Dungeon.
You visited 1 branch of the dungeon, and saw 7 of its levels.

You collected 471 gold pieces.

Inventory:

Hand Weapons
 a - a +0 giant spiked club
 s - a +0 giant club (weapon)
Missiles
 h - 30 poisoned darts (quivered)
 q - a throwing net
 v - 2 atropa-tipped darts
Armour
 g - a +2 cloak (worn)
 F - +0 swamp dragon scales (worn)
Jewellery
 c - a ring of flight
 j - a ring of positive energy (left claw)
 y - an amulet of the acrobat (around neck)
Wands
 m - a wand of acid (9)
 n - a wand of flame (14)
 x - a wand of charming (9)
 E - a wand of iceblast (8)
Scrolls
 k - 2 scrolls of amnesia
 l - 2 scrolls of identify {unknown}
 p - a scroll of fog
 t - a scroll of teleportation {unknown}
 u - a scroll of brand weapon {unknown}
 A - a scroll of blinking {unknown}
Potions
 d - a potion of might
 e - 2 potions of haste {unknown}
 f - 2 potions of cancellation {unknown}
 i - 2 potions of flight {unknown}
 o - 2 potions of curing
 r - 2 potions of lignification {unknown}
 w - 2 potions of degeneration {unknown}
 B - 2 potions of attraction {unknown}
 C - a potion of mutation {unknown}
 D - a potion of resistance {unknown}


   Skills:
 - Level 2.4 Fighting
 + Level 12.1 Maces & Flails
 - Level 2.4 Dodging
 - Level 2.4 Shields


You had 8 spell levels left.
You didn't know any spells.
Your spell library contained the following spells:

 Spells                   Type           Power      Damage    Failure   Level
 Corona                   Hex            0%         N/A       65%         1
 Magic Dart               Conj           0%         1d3       65%         1
 Searing Ray              Conj           0%         3d3       78%         2
 Slow                     Hex            0%         N/A       78%         2
 Dazzling Flash           Conj/Hex       0%         N/A       95%         3
 Inner Flame              Hex/Fire       0%         N/A       95%         3
 Portal Projectile        Hex/Tloc       0%         N/A       95%         3
 Cause Fear               Hex            0%         N/A       100%        4
 Fulminant Prism          Conj/Hex       0%         3d6       100%        4
 Iskenderun's Mystic Bla  Conj/Tloc      0%         2d3       100%        4
 Leda's Liquefaction      Hex/Erth       0%         N/A       100%        4


Dungeon Overview and Level Annotations

Branches:
Dungeon (7/15)
 Temple: D:4-7

Altars:
Uskayaw


Innate Abilities, Weirdness & Mutations

You are too large for most types of armour.
You have claws for hands.
Your natural rate of healing is unusually fast.
You are covered in fur. (AC +1)
You have tough skin. (AC +1)


Message History

The hornet stings you.
The hornet stings you but does no damage.
You hit the hornet but do no damage.
The hornet is severely wounded.
You feel sick.
The hornet stings you but does no damage.
The hornet stings you!
* * * LOW HITPOINT WARNING * * *
You suddenly lose the ability to move!
You can move again.
You closely miss the hornet.
The hornet is severely wounded.
You feel sick. The hornet barely misses you.
You closely miss the hornet.
The hornet is severely wounded.
You feel sick.
The hornet stings you but does no damage.
The hornet stings you.
* * * LOW HITPOINT WARNING * * *
You feel yourself slow down.
You barely miss the hornet.
The hornet is severely wounded.
You feel sick. The hornet stings you!
* * * LOW HITPOINT WARNING * * *
You feel as though you will be slow longer.
The hornet stings you but does no damage.
You closely miss the hornet.
The hornet is severely wounded.
You feel sick.
You are no longer poisoned.
The hornet stings you but does no damage.
The hornet stings you.
* * * LOW HITPOINT WARNING * * *
You are poisoned.
You feel as though you will be slow longer.
You feel very sick. The hornet stings you.
* * * LOW HITPOINT WARNING * * *
You suddenly lose the ability to move!
The hornet stings you.
You die...

#<......### .
........... ..
..#....... #.
............ ##...
.?.......... ##...# .
..##.......#####...# ..
......###....#..#
.###......@y......##
........####.)....#
...##......#######...#
.......!....... ###.###
##....# #.## #...##
#§§..# ..## ##...#
#.##§§§§####..####...##
#....#§###......####..#
####§§§§........#
#..###


You could see a hornet.

Vanquished Creatures
  Pikel (D:6)
  Maggie (D:7)
  A steam dragon (D:7)
  A water moccasin (D:6)
  An orc warrior (D:5)
  2 black bears (D:5)
  5 necrophages
  3 ogres
  2 bullfrogs
  2 wyvern zombies
  4 scorpions
  A wight (D:6)
  2 jellies (D:5)
  A bullfrog zombie (D:6)
  2 orc priests
  2 centaur skeletons
  Jessica (D:2)
  An iguana (D:6)
  A scorpion zombie (D:5)
  Natasha (thrice) (D:4)
  An orc wizard (D:4)
  Robin (D:3)
  A howler monkey skeleton (D:5)
  4 adders
  A shadow imp (D:7)
  A white imp (D:6)
  An ufetubus (D:5)
  2 worms (D:2)
  2 dart slugs
  19 orcs
  4 ball pythons
  9 endoplasms
  A giant cockroach (D:4)
  11 goblins
  6 hobgoblins
  2 jackals (D:5)
  5 kobolds
  3 quokkas (D:1)
  8 bats
  6 frilled lizards
  A quokka skeleton (D:4)
  2 rats
128 creatures vanquished.

Vanquished Creatures (others)
  An orc wizard (D:4)
1 creature vanquished.

Grand Total: 129 creatures vanquished

Notes
Turn   | Place    | Note
-------+----------+-------------------------------------------
     0 | D:1      | siradein the Troll Fighter began the quest for the Orb.
     0 | D:1      | Reached XP level 1. HP: 22/22 MP: 0/0
    54 | D:1      | Reached skill level 2 in Maces & Flails
   114 | D:1      | Reached XP level 2. HP: 20/29 MP: 1/1
   384 | D:1      | Reached skill level 3 in Maces & Flails
   906 | D:2      | Noticed an ogre
   944 | D:2      | Killed an ogre
   945 | D:2      | Reached skill level 4 in Maces & Flails
   945 | D:2      | Reached XP level 3. HP: 34/36 MP: 2/2
   945 | D:2      | Reached XP level 4. HP: 41/44 MP: 3/3
  1102 | D:2      | Found a faded altar of an unknown god.
  1142 | D:2      | Found a hide-covered altar of Uskayaw.
  1288 | D:3      | Noticed a necrophage
  1289 | D:3      | Noticed Jessica
  1307 | D:2      | Killed a necrophage
  1308 | D:2      | Reached skill level 5 in Maces & Flails
  1308 | D:2      | Reached XP level 5. HP: 48/50 MP: 4/4
  1334 | D:2      | Killed Jessica
  1364 | D:2      | Reached XP level 6. HP: 59/59 MP: 5/5
  1544 | D:3      | Noticed Robin
  1588 | D:3      | Reached skill level 6 in Maces & Flails
  1593 | D:3      | Killed Robin
  2160 | D:4      | Noticed Natasha
  2174 | D:4      | Killed Natasha
  2315 | D:4      | Noticed Natasha
  2318 | D:4      | Killed Natasha
  2407 | D:4      | Noticed Natasha
  2441 | D:4      | Killed Natasha
  2442 | D:4      | Reached skill level 7 in Maces & Flails
  2442 | D:4      | Reached XP level 7. HP: 56/66 MP: 6/6
  2459 | D:5      | Entered Level 5 of the Dungeon
  2724 | D:5      | Reached skill level 8 in Maces & Flails
  3425 | D:5      | Reached XP level 8. HP: 58/74 MP: 7/7
  3465 | D:6      | Noticed Pikel
  3492 | D:6      | Killed Pikel
  3493 | D:6      | Reached skill level 10 in Maces & Flails
  3865 | D:6      | HP: 3/74 [poisoned by a scorpion]
  3870 | D:6      | HP: 3/74 [poisoned by a scorpion]
  3875 | D:6      | HP: 1/74 [scorpion (7)]
  3955 | D:5      | Reached XP level 9. HP: 66/80 MP: 8/8
  3974 | D:5      | Reached skill level 11 in Maces & Flails
  4451 | D:7      | Noticed Maggie
  4462 | D:7      | Killed Maggie
  4682 | D:7      | Reached skill level 12 in Maces & Flails
  4693 | D:7      | Paralysed by a hornet for 1 turns
  4698 | D:7      | HP: 3/80 [hornet (3)]
  4698 | D:7      | Paralysed by a hornet for 3 turns
  4698 | D:7      | Slain by a hornet

Illustrated notes

Levels and vault maps discovered:
D:1:      eino_arrival_water_cross, layout_basic, minmay_vboxes
D:2:      layout_basic, ebering_ecumenical_altar_rust, basic_altar,
          chequers_serial_rivers_small_b
D:3:      layout_rooms, uniq_jessica, uniq_robin
D:4:      layout_basic, st_stairs_7, uniq_natasha
D:5:      layout_layer_cave
D:6:      layout_cave_pools, minmay_joined_circles, uniq_pikel
D:7:      layout_rooms, minmay_temple_entry_drinking_statues, uniq_maggie

Skill      XL: |  1  2  3  4  5  6  7  8  9 |
---------------+----------------------------+-----
Maces & Flails | 2 4 5 7 8 10 12 | 12.1
Fighting       | |  2.4
Dodging        | |  2.4
Shields        | |  2.4

Action                   |  1- 3 |  4- 6 |  7- 9 || total
-------------------------+-------+-------+-------++-------
Melee: Flail             |    70 |       |       ||    70
       Giant spiked club |       |   202 |    55 ||   257
       Giant club        |       |       |   187 ||   187
  Use: Scroll            |       |     1 |     3 ||     4
 Stab: Sleeping          |     2 |       |       ||     2
Armor: Robe              |    33 |   146 |    97 ||   276
       Swamp dragon scal |       |       |    20 ||    20
Dodge: Dodged            |    22 |   153 |   206 ||   381
Block: Kite shield       |    41 |       |       ||    41

Table legend: (Time is in decaauts)
 A = Elapsed time spent in this place.
 B = Non-inter-level travel time spent in this place.
 C = Inter-level travel time spent in this place.
 D = Time resting spent in this place.
 E = Time spent auto-exploring this place.
 F = Levels seen in this place.
 G = Mean time per level.
                   A        B        C        D        E       F      G
               +--------+--------+--------+--------+--------+-----+--------+
         Total |   4922 |   4780 |    142 |    160 |   2861 |   7 |  703.1 |
       Dungeon |   4922 |   4780 |    142 |    160 |   2861 |   7 |  703.1 |
               +--------+--------+--------+--------+--------+-----+--------+

Top non-repeatable levels by time:
     D:5: 1120 daAuts
     D:6: 902 daAuts
     D:1: 843 daAuts
     D:4: 674 daAuts
     D:2: 577 daAuts
     D:3: 533 daAuts
     D:7: 271 daAuts
